 Dungeon Crawl Stone Soup version 0.14-a0-1817-gb992dfe (webtiles) character file.

975 Jenx the Slasher (level 7, 0/46 HPs)
             Began as a High Elf Skald on Jan 9, 2014.
             Killed by an exploding giant spore (32 damage)
             ... on Level 6 of the Dungeon.
             The game lasted 00:21:30 (5520 turns).

Jenx the Slasher (High Elf Skald)                   Turns: 5520, Time: 00:21:31

HP   0/46        AC 11     Str 13      XL: 7   Next: 62%
MP  18/18        EV 11     Int 17      God:
Gold 160         SH  0     Dex 16      Spells:  4 memorised,  4 levels left

rFire  . . .     SeeInvis .     a - +0 elf falchion
rCold  + . .     Clarity  +     h - +0 elf ring mail
rNeg   . . .     Conserve .     (no shield)
rPois  .         rCorr    .     (no helmet)
rElec  .         rRot     .     q - +0 cloak
SustAb . .       Spirit   .     r - +1 pair of gloves
rMut   .         Warding  .     o - +0 pair of boots
Saprov . . .     Stasis   .     (no amulet)
                                (no ring)
                                A - ring of protection from cold

@: slightly resistant to hostile enchantments, very unstealthy
A: repulsion field 1, clarity, strong 1, wild magic 1, evolution 1
a: no special abilities


You were on level 6 of the Dungeon.
You were not hungry.

You visited 2 branches of the dungeon, and saw 7 of its levels.

You collected 160 gold pieces.

Inventory:

Hand weapons
 a - a +0,+0 elven falchion (weapon)
 I - a +0 blowgun
 M - a +2,+0 spear of dragon slaying
 N - a cursed -2,-2 whip
Missiles
 k - 18 darts
 p - 15 steel darts (quivered)
Armour
 h - a +0 elven ring mail (worn)
 o - a +0 pair of boots (worn)
 q - a +0 cloak (worn)
 r - a +1 pair of gloves (worn)
Magical devices
 E - a wand of polymorph (14)
Comestibles
 d - 3 bread rations
 K - a choko
 L - 2 meat rations
Scrolls
 b - a scroll of noise {unknown}
 e - 4 scrolls of remove curse
 f - 2 scrolls of identify
 i - a scroll of curse armour {unknown}
 j - a scroll of amnesia {unknown}
 s - 2 scrolls of enchant weapon I
 t - a scroll of enchant weapon II {unknown}
 v - 2 scrolls of immolation
 y - a scroll of curse jewellery {unknown}
 z - 4 scrolls of teleportation
 B - a scroll of magic mapping {unknown}
 F - a scroll of blinking {unknown}
 H - a scroll of fear {unknown}
 J - a scroll of fog {unknown}
Jewellery
 A - a ring of protection from cold (left hand)
Potions
 g - a potion of might {unknown}
 l - 2 potions of heal wounds {unknown}
 m - a potion of paralysis {unknown}
 n - a potion of mutation
 u - a potion of restore abilities {unknown}
 x - a potion of lignification {unknown}
 C - 2 potions of beneficial mutation {unknown}
 G - 2 potions of curing
Books
 c - a book of Battle

   Spells                             Type                      Level
   *Infusion                          Charms                       1
   Shroud of Golubria                 Charms/Translocation         2
   *Song of Slaying                   Charms                       2
   Spectral Weapon                    Hexes/Charms                 3
   *Regeneration                      Charms/Necromancy            3
 D - a book of Burglary

   Spells                             Type                      Level
   Apportation                        Translocation                1
   *Swiftness                         Charms/Air                   2
   Passwall                           Transmutation/Earth          3
   Passage of Golubria                Translocation                4
   Lee's Rapid Deconstruction         Earth                        5
   Darkness                           Hexes                        7


   Skills:
 - Level 3.0 Fighting
 - Level 6.2 Long Blades
 + Level 5.6 Armour
 - Level 2.0 Dodging
 - Level 3.2 Spellcasting
 - Level 3.6 Charms


You had 4 spell levels left.
You knew the following spells:

 Your Spells              Type           Power        Failure   Level  Hunger
a - Infusion              Chrm           ###...       11%         1    None
b - Song of Slaying       Chrm           ###.....     19%         2    ##.....
c - Swiftness             Chrm/Air       ##......     26%         2    ##.....
d - Regeneration          Chrm/Necr      ##........   38%         3    ###....


Dungeon Overview and Level Annotations

Branches:
Dungeon (6/16)             Temple (1/1) D:5

Altars:
Cheibriados
Elyvilon
Fedhas
Kikubaaqudgha
Nemelex Xobeh
Vehumet
Yredelemnul
Zin
the Shining One


Innate Abilities, Weirdness & Mutations

You are surrounded by a mild repulsion field (EV +2).
You possess an exceptional clarity of mind.
Your muscles are strong. (Str +2)
Your spells are a little harder to cast, but a little more powerful.
You evolve.


Message History

The crimson imp hits you but does no damage.
The bat zombie barely misses you. The bat zombie closely misses you.
The bat zombie hits you but does no damage.
The bat zombie closely misses you.
The crimson imp hits you but does no damage.
The bat zombie misses you.
The crimson imp blinks!
The bat zombie hits you but does no damage.
The bat zombie hits you but does no damage.
The bat zombie hits you but does no damage.
The bat zombie barely misses you. The bat zombie barely misses you.
The bat zombie closely misses you.
The giant spore explodes!
The explosion of spores engulfs the bat zombie.
The bat zombie is destroyed!
The explosion of spores engulfs you!
You feel momentarily confused.
One of your 4 bread rations is covered with spores!
Your apple is covered with spores!
Ouch! That really hurt!
You die...

###.###...#
..........#
#######...# #...#
#...# #...# #...#
#...# #.@.# #..5#
#...#
########s..#######
...................
....................
....................
...........5.........
.s....................


You could see a scorpion and 2 crimson imps.

Vanquished Creatures
  2 sky beasts
  An ice beast (D:5)
  2 centaurs (D:5)
  A crimson imp (D:4)
  A hound (D:5)
  2 scorpions
  An orc wizard (D:4)
  3 worker ants
  3 gnolls (D:5)
  4 adders
  3 worms
  A giant eyeball (D:4)
  A giant gecko (D:3)
  An ooze (D:2)
  7 orcs
  3 ball pythons
  7 giant cockroaches
  13 hobgoblins
  10 jackals
  13 bats
  A giant gecko skeleton (D:4)
  3 giant newts
  8 goblins
  A goblin skeleton (D:4)
  A jackal skeleton (D:5)
  A jackal zombie (D:5)
  6 kobolds
  11 rats
111 creatures vanquished.

Vanquished Creatures (others)
  A bat zombie (D:6)
1 creature vanquished.

Grand Total: 112 creatures vanquished

Notes
Turn   | Place    | Note
--------------------------------------------------------------
     0 | D:1      | Jenx, the High Elf Skald, began the quest for the Orb.
     0 | D:1      | Reached XP level 1. HP: 14/14 MP: 4/4
   137 | D:1      | Reached skill level 1 in Armour
   146 | D:1      | Reached XP level 2. HP: 5/19 MP: 0/6
   367 | D:1      | Learned a level 2 spell: Song of Slaying
  1518 | D:2      | Reached XP level 3. HP: 23/25 MP: 8/8
  1523 | D:2      | Learned a level 3 spell: Regeneration
  2564 | D:3      | Reached XP level 4. HP: 31/31 MP: 11/11
  2792 | D:3      | Reached skill level 4 in Long Blades
  2981 | D:4      | Paralysed by a giant eyeball for 2 turns
  3038 | D:4      | Reached skill level 5 in Long Blades
  3062 | D:4      | Reached XP level 5. HP: 22/36 MP: 4/12
  3063 | D:4      | Gained mutation: You evolve. [potion of mutation]
  3063 | D:4      | Gained mutation: Your muscles are strong. (Str +2) [potion of mutation]
  3063 | D:4      | Gained mutation: You are surrounded by a mild repulsion field (EV +2). [potion of mutation]
  3177 | D:4      | Gained mutation: Your spells are a little harder to cast, but a little more powerful. [evolution]
  3293 | D:4      | Found a basalt altar of Yredelemnul.
  3352 | D:4      | Reached skill level 6 in Long Blades
  3674 | D:4      | Learned a level 2 spell: Swiftness
  3921 | D:5      | Entered Level 5 of the Dungeon
  3921 | D:5      | Noticed a centaur
  3981 | D:5      | Reached XP level 6. HP: 37/42 MP: 17/17
  4166 | D:5      | Noticed a centaur
  4177 | D:5      | Killed a centaur
  4204 | D:5      | Found a staircase to the Ecumenical Temple.
  4241 | Temple   | Entered the Ecumenical Temple
  4438 | D:5      | Noticed a sky beast
  4458 | D:5      | Killed a sky beast
  4737 | D:5      | Killed a centaur
  4737 | D:5      | Reached XP level 7. HP: 26/46 MP: 9/18
  4822 | D:5      | Noticed an ice beast
  4836 | D:5      | Killed an ice beast
  4905 | D:5      | Reached skill level 5 in Armour
  5239 | D:5      | Gained mutation: You possess an exceptional clarity of mind. [evolution]
  5520 | D:6      | Killed by an exploding giant spore

Action                   |  1- 3 |  4- 6 |  7- 9 || total
-------------------------+-------+-------+-------++-------
Melee: Falchion          |   220 |   238 |    82 ||   540
Throw: Dart              |    30 |    23 |    12 ||    65
 Cast: Infusion          |     4 |     5 |     3 ||    12
       Song of Slaying   |     1 |     2 |     1 ||     4
       Regeneration      |       |     3 |     1 ||     4
       Swiftness         |       |       |     1 ||     1
Evoke: Wand              |       |     1 |       ||     1
  Use: Scroll            |     3 |     1 |       ||     4
       Potion            |       |     5 |       ||     5
